 Dungeon Crawl Stone Soup version 0.16-a0-129-gbf5829b (webtiles) character file.

137 Ololoev the Cudgeler (level 5, 0/50 HPs)
             Began as an Ogre Hunter on Aug 13, 2014.
             Slain by an orc (3 damage)
             ... on Level 3 of the Dungeon.
             The game lasted 00:04:56 (3193 turns).

Ololoev the Cudgeler (Ogre Hunter)                  Turns: 3193, Time: 00:04:56

HP   0/50        AC  3     Str 18      XL: 5   Next: 20%
MP   5/5         EV 10     Int 10      God:
Gold 37          SH  0     Dex 10      Spells:  0 memorised,  4 levels left

rFire  . . .     SeeInvis .     a - +0 whip (curse)
rCold  . . .     Clarity  .     d - +0 animal skin
rNeg   . . .     rCorr    .     (shield restricted)
rPois  .         rRot     .     (helmet restricted)
rElec  .         Spirit   .     (no cloak)
SustAb .         Warding  .     (gloves unavailable)
rMut   .         Stasis   .     (boots unavailable)
Gourm  +                        m - amulet of the gourmand
MR     .....                    (no ring)
                                (no ring)

@: not resistant to hostile enchantments, very unstealthy
A: unfitting armour, tough skin 1
a: no special abilities


You were on level 3 of the Dungeon.
You were very full.

You visited 1 branch of the dungeon, and saw 3 of its levels.

You collected 37 gold pieces.

Inventory:

Hand weapons
 a - a cursed +0 whip (weapon)
Armour
 d - a +0 animal skin (worn)
Comestibles
 f - 5 meat rations
 n - a royal jelly
 o - a bread ration
Scrolls
 e - a scroll of amnesia {unknown}
 h - 3 scrolls of magic mapping {unknown}
 j - a scroll of enchant weapon {unknown}
 k - 3 scrolls of blinking {unknown}
 l - a scroll of enchant armour {unknown}
 p - a scroll of teleportation {unknown}
Jewellery
 m - an amulet of the gourmand (around neck)
Potions
 g - a potion of curing {unknown}
 i - a potion of restore abilities {unknown}


   Skills:
 - Level 2.6 Fighting
 * Level 6.4 Maces & Flails
 - Level 4.3 Throwing
 - Level 1.7 Dodging
 - Level 0.7 Stealth


You had 4 spell levels left.
You didn't know any spells.

Dungeon Overview and Level Annotations

Branches:
Dungeon (3/15)

Altars:
Makhleb


Innate Abilities, Weirdness & Mutations

You are too large for most types of armour.
You have tough skin (AC +1).


Message History

You throw a large rock. The large rock closely misses the orc.
The large rock closely misses the orc.
Throwing (i - inventory):
c - 2 throwing nets (quivered)
Press: ? - help, Shift-Dir - straight line, f/p - orc
Aim: an orc wearing a ring mail You throw a throwing net.
The throwing net hits the orc.
The orc is caught in the net!
The helpless orc fails to defend itself.
You whack the orc!
You kill the orc!
Throwing (i - inventory):
c - a throwing net (quivered)
Press: ? - help, Shift-Dir - straight line, f/p - orc
Aim: an orc wearing a ring mail You throw a throwing net.
The throwing net completely misses the orc.
The orc barely misses you.
You barely miss the orc. The orc hits you.
* * * LOW HITPOINT WARNING * * *
You hit the orc but do no damage. The orc hits you.
You die...

#.#...# #.# ###
#.#...###(######....
#........(.)....[....
#####.#.......).........
................).......
.......................
.............o........?.
#######.####o######....
####.####@##### ...
#.............# #
#........%....# ..
#.............# ....
#.......#.##########......
#.......#.# #.............
#.......#.# #.............
#.....(.#)# #.............
#.......#.# #.............


You could see 2 orcs.

Vanquished Creatures
  A hound (D:2)
  An orc wizard (D:3)
  An adder (D:2)
  A giant mite (D:2)
  A worm (D:2)
  4 oozes (D:1)
  3 orcs (D:3)
  2 ball pythons
  6 bats
  5 giant cockroaches
  9 hobgoblins
  2 jackals (D:1)
  A quokka (D:3)
  A giant gecko (D:3)
  6 giant newts
  4 goblins
  4 kobolds
  7 rats
59 creatures vanquished.

Notes
Turn   | Place    | Note
--------------------------------------------------------------
     0 | D:1      | Ololoev, the Ogre Hunter, began the quest for the Orb.
     0 | D:1      | Reached XP level 1. HP: 22/22 MP: 1/1
   223 | D:1      | Reached XP level 2. HP: 21/29 MP: 2/2
   837 | D:1      | Reached XP level 3. HP: 33/36 MP: 3/3
  2279 | D:2      | Reached skill level 5 in Maces & Flails
  2279 | D:2      | Reached XP level 4. HP: 37/44 MP: 4/4
  2739 | D:2      | Found a burning altar of Makhleb.
  3102 | D:3      | Reached skill level 6 in Maces & Flails
  3181 | D:3      | Reached XP level 5. HP: 11/50 MP: 5/5
  3192 | D:3      | HP: 2/50 [orc (3)]
  3193 | D:3      | Slain by an orc

Action                   |  1- 3 |  4- 6 || total
-------------------------+-------+-------++-------
Melee: Club              |   129 |       ||   129
       Whip              |    64 |   126 ||   190
Throw: Large rock        |     2 |     5 ||     7
       Throwing net      |       |     2 ||     2
  Use: Scroll            |     3 |       ||     3
 Stab: Held in net/web   |       |     1 ||     1
  Eat: Chunk             |     8 |     5 ||    13
       Pizza             |     1 |       ||     1
